 Dungeon Crawl Stone Soup version 0.29.1-12-g30fa7ad0bf (webtiles) character file.

Game seed: 17451952233173710475

28 Hrothgar the Vexing (level 2, 0/23 HPs)
             Began as a Draconian Arcane Marksman on Jan 4, 2023.
             Slain by a kobold
             ... wielding a +0 club
              (1 damage)
             ... on level 2 of the Dungeon.
             The game lasted 00:05:03 (729 turns).

Hrothgar the Vexing (Draconian Arcane Marksman)      Turns: 729, Time: 00:05:03

Health: 0/23       AC:  4    Str: 15 (18) XL:     2   Next: 96%
Magic:  3/4        EV: 12    Int: 11 (13) God:
Gold:   37         SH:  0    Dex: 10 (11) Spells: 2/3 levels left

rFire   + . .      SeeInvis .   b - +0 falchion
rCold   + . .      Faith    .   (no shield)
rNeg    . . .      Spirit   .   (body armour unavailable)
rPois   +          Reflect  .   (helmet restricted)
rElec   +          Harm     .   (no cloak)
rCorr   +          Rampage  .   (no gloves)
Will    .....                   (no boots)
Stlth   +.........              (no amulet)
HPRegen 0.07/turn               d - +6 ring of strength
MPRegen 0.09/turn               (no ring)

@: resistant
A: AC +4, unfitting armour, cold-blooded
a: no special abilities


You were on level 2 of the Dungeon.
You visited 1 branch of the dungeon, and saw 2 of its levels.

You collected 37 gold pieces.

Inventory:

Hand Weapons
 a - a +1 sling
 b - a +0 falchion (weapon)
Missiles
 e - 2 boomerangs (quivered)
Jewellery
 d - a +6 ring of strength (left hand)
Scrolls
 g - a scroll of enchant weapon {unknown}
 i - a scroll of torment


   Skills:
 * Level 1.2 Fighting
 * Level 2.2 Ranged Weapons
 * Level 0.3 Throwing
 * Level 1.9 Dodging
 * Level 0.3 Stealth
 * Level 1.4 Spellcasting
 * Level 3.0 Hexes


You had 2 spell levels left.
You knew the following spells:

 Your Spells              Type           Power      Damage    Failure   Level
a - Slow                  Hex            28%        N/A       9%          1

Your spell library contained the following spells:

 Spells                   Type           Power      Damage    Failure   Level
 Inner Flame              Hex/Fire       4%         N/A       45%         3
 Portal Projectile        Hex/Tloc       8%         N/A       45%         3
 Cause Fear               Hex            3%         N/A       65%         4


Dungeon Overview and Level Annotations

Branches:
Dungeon (2/15)

Altars:


Innate Abilities, Weirdness & Mutations

Your plain brown scales are hard. (AC +4)
You cannot fit into any form of body armour.
You are cold-blooded and may be slowed by cold attacks.


Message History

The orc is wielding a +0 flail of protection.
The orc shouts!
Throw: 2 boomerangs
Press: ? - help, Q - select action, (/) - cycle Shift-Dir - straight line, f - orc
Aim: an orc, wielding a +0 flail of protection and wearing a +0 leather armour (54% to hit)
You throw a boomerang.
The boomerang hits the orc but does no damage.
Throw: 2 boomerangs
Press: ? - help, Q - select action, (/) - cycle Shift-Dir - straight line, f/p - orc
Aim: an orc, wielding a +0 flail of protection and wearing a +0 leather armour (54% to hit)
You throw a boomerang.
The boomerang hits the orc but does no damage.
Casting: Slow (safe; 8% risk of failure)
Confirm with . or Enter, or press ? or * to list all spells.
Aiming: Slow (safe; 8% risk of failure)
Press: ? - help, Shift-Dir - straight line, f/p - orc
Aim: an orc, wielding a +0 flail of protection and wearing a +0 leather armour (chance to affect: 63%)
The orc resists with significant effort.
The orc closely misses you.
It was a potion of degeneration.
There was something very wrong with that liquid.
You feel weakened.
You feel dopey.
You feel clumsy.
The orc hits you with a +0 flail of protection.
* * * LOW HITPOINT WARNING * * *
Unknown command.
It was a potion of resistance.
You feel protected. The orc closely misses you.
You hit the orc but do no damage. The orc misses you.
The orc hits you with a +0 flail of protection.
* * * LOW HITPOINT WARNING * * *
You slash the orc!
You kill the orc!
The dart slug launches a dart at you. The slug dart misses you.
Really read the scroll of torment?
As you read the scroll of torment, it crumbles to dust.
You feel a surge of unholy energy.
The dart slug convulses!
The kobold hits you with a +0 club.
You die...

*,* *,***** *.#
*,* *.# *,* *.#
*,* *.# *,* ##.#
*,***** #..#
*,,,,,,
###.#######*******
#@.w.....[.,,*
#K#.#######*,*
#.#># *,* #.#.#
**,***** #.#.#
*,,,,,,, #.#.####
*,,***** #.#....#
*,,* #.####.# *,,*
*,* #.# *,,*


You could see a dart slug and a kobold.

Vanquished Creatures
  An orc (D:2)
  5 endoplasms
  A giant cockroach (D:1)
  2 hobgoblins (D:1)
  3 jackals (D:1)
  A kobold (D:1)
  A quokka (D:2)
  A ball python (D:1)
  3 bats (D:2)
  2 frilled lizards
  4 rats
24 creatures vanquished.

Vanquished Creatures (others)
  A plant (D:1)
1 creature vanquished.

Grand Total: 25 creatures vanquished

Notes
Turn   | Place    | Note
-------+----------+-------------------------------------------
     0 | D:1      | Hrothgar the Draconian Arcane Marksman began the quest for
                  | the Orb.
     0 | D:1      | Reached XP level 1. HP: 16/16 MP: 2/2
    95 | D:1      | Reached XP level 2. HP: 23/23 MP: 3/3
   650 | D:2      | Reached skill level 3 in Hexes
   727 | D:2      | HP: 1/23 [orc/+0 flail of protection (5)]
   729 | D:2      | Slain by a kobold

Illustrated notes

Levels and vault maps discovered:
D:1:      co_arrival_hexagon_in_a_hexagon, layout_basic, serial_shops,
          nicolae_shop_advertising_works [nicolae_subvault_shop_adworks]
D:2:      layout_loops_ring, hangedman_decor_peaks_small

Skill      XL: |  1  2 |
---------------+-------+-----
Ranged Weapons | 2 |  2.2
Hexes          | 3 |  3.0
Fighting       | |  1.2
Throwing       | |  0.3
Dodging        | |  1.9
Stealth        | |  0.3
Spellcasting   | |  1.4

Action                   || total
-------------------------++-------
Melee: Falchion          ||    24
       Tailslap          ||     2
       Punch             ||     1
 Fire: Sling             ||    60
Throw: Boomerang         ||     7
 Cast: Slow              ||    19
  Use: Scroll            ||     6
       Potion            ||     2
Armor: Skin              ||    20
Dodge: Dodged            ||    60
